cohdb
Replays
Latest Replays
All Replays
Popular Replays
Top Player Replays
Match Explorer
How It Works
Community
CoH3 Stats
Reddit
Sign in to upload your games and track your stats! →
Sign in with Steam
Match 41521413
Unlisted
Match 41521413
Overview
Messages
Build Orders
End
Panzerpioneer Squad
Panzerpioneer Squad
Selects Armored Support Battlegroup
250 Light Carrier
Construct Light Support Kompanie
2.5-tonne Medical Truck
MG34 Team
Panzerjäger Squad
Panzerjäger Squad
Panzerjäger Mechanized Group
Combat Half-tracks
Fire Support Elements
Veteran Squad Leaders
le.IG 18 Mechanized Group
Selects Salvage Kits
Selects Panzer Storm
Construct Panzerarmee Kommand
Armored Reserves
StuG Assault Group
Emergency Repair Kits
Tungsten Core Ammunition
Vehicle Survival Package
Forward Retreat Point
Selects Stuka Anti-tank Loiter
Stuka Anti-tank Loiter
StuG Assault Group
Rapid Advance
Stuka Anti-tank Loiter
UH|dun! ツ
UH|ck
iceman
APACHE
Colonel Phreeze
Raspberry
0
0
Comments
sign in to comment!
No comments posted yet!